 Dungeon Crawl Stone Soup version 0.24.0-123-gd5b16e6ec5 (webtiles) character file.

Game seed: 848586567461014834, levelgen mode: deterministic

390 Legadrian the Magician (level 7, -1/48 HPs)
             Began as a Human Transmuter on Feb 11, 2020.
             Slain by a hound (2 damage)
             ... on level 5 of the Dungeon.
             The game lasted 00:20:29 (4038 turns).

Legadrian the Magician (Human Transmuter)           Turns: 4038, Time: 00:20:29

Health: -1/48      AC:  4    Str: 11    XL:     7   Next: 7%
Magic:  1/13       EV: 12    Int: 15    God:
Gold:   144        SH:  3    Dex: 13    Spells: 9/15 levels left

rFire    . . .     SeeInvis .   g - +2 short sword (speed)
rCold    . . .     Gourm    .   (no shield)
rNeg     . . .     Faith    .   f - +0 leather armour
rPois    .         Spirit   .   (no helmet)
rElec    .         Reflect  +   (no cloak)
rCorr    .         Harm     .   n - +0 pair of gloves
MR       .....                  (no boots)
Stlth    +.........             u - +3 amulet of reflection
HPRegen  0.16/turn              (no ring)
MPRegen  0.13/turn              (no ring)

@: lethally poisoned (-1 -> -1), very slightly contaminated
A: no striking features
a: no special abilities


You were on level 5 of the Dungeon.
You were hungry.

You visited 1 branch of the dungeon, and saw 5 of its levels.

You collected 144 gold pieces.

Inventory:

Hand Weapons
 e - a +0 mace
 g - a +2 short sword of speed (weapon)
Missiles
 a - 4 arrows
 i - 31 sling bullets
 j - 15 poisoned darts (quivered)
Armour
 b - a +0 robe
 f - a +0 leather armour (worn)
 n - a +0 pair of gloves (worn)
 s - a +0 pair of boots
 t - a cursed +0 plate armour
Jewellery
 u - a +3 amulet of reflection (around neck)
Scrolls
 l - a scroll of fog
 o - a scroll of amnesia {unknown}
 r - a scroll of remove curse
Potions
 c - a potion of cancellation
 m - a potion of berserk rage {unknown}
 p - a potion of haste {unknown}
Comestibles
 d - 11 rations


   Skills:
 - Level 1.0 Fighting
 - Level 0.6 Short Blades
 - Level 1.1 Maces & Flails
 + Level 3.6 Armour
 - Level 2.0 Dodging
 - Level 3.0 Unarmed Combat
 * Level 4.5 Spellcasting
 - Level 2.0 Transmutations
 * Level 2.1 Poison Magic


You had 9 spell levels left.
You knew the following spells:

 Your Spells              Type           Power        Failure   Level  Hunger
a - Beastly Appendage     Tmut           #.....       10%         1    None
b - Sticks to Snakes      Tmut           #.......     14%         2    ##.....
c - Spider Form           Tmut/Pois      #.........   28%         3    ###....

Your spell library contained the following spells:

 Spells                   Type           Power        Failure   Level  Hunger
 Ice Form                 Ice/Tmut       #.......     82%         4    ####...
 Blade Hands              Tmut           #.........   95%         5    ######.


Dungeon Overview and Level Annotations

Branches:
Dungeon (5/15)
 Temple: D:4-7

Altars:
Fedhas
Kikubaaqudgha
Nemelex Xobeh
Qazlal
Ru
Trog
Vehumet
Xom
Zin


Message History

* * * LOW HITPOINT WARNING * * *
You hit the hound.
The hound is lightly wounded.
The hound bites you but does no damage. The gnoll closely misses you.
Casting: Sticks to Snakes (safe; 14% risk of failure)
Confirm with . or Enter, or press ? or * to list all spells.
You miscast Sticks to Snakes.
You smell something strange.
You feel sick. The hound barely misses you. The gnoll closely misses you.
The hound bites you but does no damage.
There is a stone staircase leading down here.
The hound bites you.
* * * LOW HITPOINT WARNING * * *
You climb downwards.
Found a stone staircase leading down.
There is a stone staircase leading up here.
You hit the hound.
The hound is moderately wounded.
* * * LOW HITPOINT WARNING * * *
You feel sick. The hound bites you.
You die...

# ### >#
..#+##.#
#......#
#......#
#......#
#......#
#@# #h#
#.# #.#
#.. ###


You could see a hound.

Vanquished Creatures
  An ogre (D:4)
  A scorpion (D:4)
  A worker ant (D:4)
  Natasha (twice) (D:3)
  3 gnolls
  A river rat (D:3)
  5 adders
  An ooze (D:1)
  A worm (D:3)
  3 dart slugs
  4 leopard geckos
  2 orcs (D:3)
  5 bats
  4 giant cockroaches
  9 goblins
  5 hobgoblins
  5 jackals
  4 kobolds
  A quokka (D:2)
  3 ball pythons
  5 frilled lizards
  6 rats
72 creatures vanquished.

Vanquished Creatures (collateral kills)
  Natasha (D:3)
1 creature vanquished.

Grand Total: 73 creatures vanquished

Notes
Turn   | Place    | Note
-------+----------+-------------------------------------------
     0 | D:1      | Legadrian the Human Transmuter began the quest for the Orb.
     0 | D:1      | Reached XP level 1. HP: 15/15 MP: 3/3
   103 | D:1      | Reached XP level 2. HP: 8/21 MP: 3/5
   281 | D:1      | Learned a level 2 spell: Sticks to Snakes
   315 | D:1      | Reached skill level 1 in Armour
   400 | D:1      | Reached skill level 1 in Maces & Flails
   589 | D:1      | Reached XP level 3. HP: 25/26 MP: 6/6
  1342 | D:2      | Reached XP level 4. HP: 20/32 MP: 8/8
  1579 | D:2      | Learned a level 3 spell: Spider Form
  1582 | D:2      | Found a radiant altar of Vehumet.
  1633 | D:2      | You fall into a shaft and drop 1 floor!
  1746 | D:2      | Reached skill level 3 in Spellcasting
  1916 | D:2      | Found a shimmering altar of Xom.
  1918 | D:2      | Noticed an angel
  1930 | D:2      | Found a glowing silver altar of Zin.
  2174 | D:2      | Found a sacrificial altar of Ru.
  2306 | D:3      | Reached XP level 5. HP: 27/37 MP: 9/9
  2323 | D:3      | Noticed Natasha
  2336 | D:3      | Killed Natasha
  2336 | D:3      | Reached skill level 1 in Poison Magic
  2745 | D:3      | Found a sparkling altar of Nemelex Xobeh.
  2778 | D:3      | Found a stormy altar of Qazlal.
  3104 | D:3      | Noticed Natasha
  3129 | D:3      | Killed Natasha
  3471 | D:3      | Found an ancient bone altar of Kikubaaqudgha.
  3473 | D:3      | Found a blossoming altar of Fedhas.
  3501 | D:3      | Noticed Natasha
  3510 | D:3      | Killed Natasha
  3510 | D:3      | Reached XP level 6. HP: 39/43 MP: 11/11
  3851 | D:4      | Found a bloodstained altar of Trog.
  3888 | D:4      | Noticed an ogre
  3904 | D:4      | Killed an ogre
  3904 | D:4      | Reached skill level 4 in Spellcasting
  3998 | D:4      | Reached XP level 7. HP: 34/48 MP: 7/13
  4036 | D:4      | HP: 2/48 [hound (4)]
  4037 | D:5      | Entered Level 5 of the Dungeon
  4038 | D:5      | Slain by a hound

Levels and vault maps discovered:
D:1:      mrwooster_arrival_statue_2, layout_rooms, serial_forest,
          infiniplex_forest_zigzag_1, infiniplex_forest_zigzag_1,
          infiniplex_forest_lined_corner, infiniplex_forest_lined_3_way,
          infiniplex_forest_corner_1, infiniplex_forest_lined_2,
          infiniplex_forest_straight_3
D:2:      layout_rooms, grunt_temple_overflow_order_and_chaos_1,
          lemuel_coloured_pillars_altar, vehumet_crystals
D:3:      layout_loops_corners, grunt_temple_overflow_growth_and_decay,
          grunt_qazlal_clouds, nemelex_xobeh_ov_fountains_minmay,
          portal_sewer_entry_a, first_ration, minmay_splitting_lines,
          minmay_vboxes, uniq_natasha
D:4:      layout_loops_ring, dancing_weapons_uskayaw,
          nicolae_overflow_hidden_temple, serial_shops, shop,
          hangedman_decor_slide_cut, moated_statue, uniq_crazy_yiuf_cottage
D:5:      layout_basic, lemuel_doored_altar, minmay_temple_entry_gardened_gates

Skill      XL: |  1  2  3  4  5  6 |
---------------+-------------------+-----
Armour         | 1 2 3 |  3.6
Maces & Flails | 1 |  1.1
Spellcasting   | 3 4 |  4.5
Poison Magic   | 1 2 |  2.1
Fighting       | |  1.0
Short Blades   | |  0.6
Dodging        | |  2.0
Unarmed Combat | |  3.0
Transmutations | |  2.0

Action                   |  1- 3 |  4- 6 |  7- 9 || total
-------------------------+-------+-------+-------++-------
Melee: Mace              |    77 |    35 |       ||   112
       Kick              |     4 |     7 |       ||    11
       Short sword       |       |    81 |    11 ||    92
       Punch             |       |     2 |       ||     2
       Unarmed           |       |     9 |     3 ||    12
Throw: Dart              |    19 |    77 |     1 ||    97
 Cast: Beastly Appendage |    11 |     5 |     1 ||    17
       Sticks to Snakes  |       |     5 |     3 ||     8
       Spider Form       |       |     1 |       ||     1
  Use: Scroll            |     1 |     5 |       ||     6
       Potion            |       |     2 |     1 ||     3
 Stab: Sleeping          |     1 |       |       ||     1
  Eat: Chunk             |     2 |     8 |       ||    10
Armor: Leather armour    |    34 |    29 |     6 ||    69
Dodge: Dodged            |    79 |    80 |    18 ||   177
Block: Other             |       |     3 |     2 ||     5
